 Dungeon Crawl Stone Soup version 0.29.0-4-gdea44cf6ec (webtiles) character file.

Game seed: 8223319667203718087

73 qw the Chopper (level 4, -4/26 HPs)
             Began as a Tengu Warper on Aug 28, 2022.
             Slain by a gnoll
             ... wielding a +0 spear
              (8 damage)
             ... on level 2 of the Dungeon.
             The game lasted 00:00:12 (2474 turns).

qw the Chopper (Tengu Warper)                       Turns: 2474, Time: 00:00:13

Health: -4/26      AC:  3    Str: 14    XL:     4   Next: 27%
Magic:  8/8        EV: 12    Int: 13    God:
Gold:   50         SH:  0    Dex: 13    Spells: 7/7 levels left

rFire   . . .      SeeInvis .   Y - +0 hand axe
rCold   . . .      Faith    .   (no shield)
rNeg    . . .      Spirit   .   b - +0 leather armour
rPois   .          Reflect  .   (helmet restricted)
rElec   .          Harm     .   (no cloak)
rCorr   .          Rampage  .   (no gloves)
Will    .....                   (boots unavailable)
Stlth   +.........              (no amulet)
HPRegen 0.08/turn               (no ring)
MPRegen 0.11/turn               (no ring)

@: no status effects
A: beak, talons 3
a: no special abilities


You were on level 2 of the Dungeon.
You visited 1 branch of the dungeon, and saw 2 of its levels.

You collected 50 gold pieces.


Innate Abilities, Weirdness & Mutations

You have a beak for a mouth.
You have claws for feet.


   Skills:
 - Level 2.0 Fighting
 + Level 4.9 Axes
 - Level 1.0 Throwing
 - Level 1.1 Armour
 - Level 2.1 Dodging
 - Level 2.0 Spellcasting
 - Level 2.4 Translocations


You had 7 spell levels left.
You didn't know any spells.
Your spell library contained the following spells:

 Spells                   Type           Power      Damage    Failure   Level
 Blink                    Tloc           14%        N/A       19%         2
 Gell's Gravitas          Tloc           7%         N/A       34%         3
 Lesser Beckoning         Tloc           7%         N/A       34%         3
 Teleport Other           Tloc           7%         N/A       34%         3
 Manifold Assault         Tloc           7%         N/A       97%         5

Inventory:

Hand Weapons
 i - a +0 club
 Y - a +0 hand axe (weapon)
Armour
 b - a +0 leather armour (worn)
Jewellery
 g - a ring of resist corrosion
Scrolls
 c - a scroll of immolation {unknown}
 h - a scroll of identify
 j - 2 scrolls of fog {unknown}
Potions
 a - a potion of might {unknown}
 d - a potion of flight {unknown}
 e - a potion of degeneration {unknown}
 f - a potion of mutation {unknown}
 k - a potion of curing {unknown}

Dungeon Overview and Level Annotations

Branches:
Dungeon (2/15)

Altars:


Message History

Found a club.
A gnoll comes into view. It is wielding a +0 whip.
The gnoll shouts!
You hear a shout! x2; You hear an angry hiss.
Enter note: A gnoll comes into view. It is wielding a +0 spear.
2462 ||| Stepping ~*~*~tactically~*~*~ (hiding).
2463 ||| Stepping ~*~*~tactically~*~*~ (hiding).
You start waiting.
A gnoll is nearby!
You hit the gnoll. You peck the gnoll, but do no damage.
The gnoll is lightly wounded.
The gnoll hits you with a +0 whip.
You closely miss the gnoll. You peck the gnoll.
The gnoll is heavily wounded.
The gnoll hits you from afar with a +0 spear.
The gnoll barely misses you.
You hit the gnoll but do no damage. Your kick misses the gnoll.
The gnoll is heavily wounded.
The gnoll hits you from afar with a +0 spear.
The gnoll hits you with a +0 whip.
You hit the gnoll but do no damage.
The gnoll is heavily wounded.
The gnoll hits you from afar with a +0 spear.
The gnoll closely misses you.
You hit the gnoll.
The gnoll is heavily wounded.
The gnoll hits you from afar with a +0 spear.
The gnoll hits you with a +0 whip.
You hit the gnoll.
You kill the gnoll!
The gnoll hits you from afar with a +0 spear.
A gnoll comes into view. It is wielding a +0 whip.
The gnoll barely misses you.
Things that are here:
a +0 whip; a gnoll corpse You hit the gnoll but do no damage.
Your peck misses the gnoll. The gnoll hits you with a +0 spear.
You barely miss the gnoll. Your kick misses the gnoll.
The gnoll hits you with a +0 spear!
You die...

### ... #.. #.# #.#
#g#
#g#################
#.@................
###################


You could see 2 gnolls.

Vanquished Creatures
  A gnoll (D:2)
  An adder (D:2)
  A worm (D:2)
  4 dart slugs
  5 ball pythons
  3 bats
  3 endoplasms
  3 giant cockroaches
  3 hobgoblins (D:1)
  4 jackals (D:2)
  A quokka (D:2)
  4 frilled lizards
  4 goblins
  2 kobolds
  3 rats
42 creatures vanquished.

Notes
Turn   | Place    | Note
-------+----------+-------------------------------------------
     0 | D:1      | qw the Tengu Warper began the quest for the Orb.
     0 | D:1      | Reached XP level 1. HP: 12/12 MP: 4/4
     0 | D:1      | 0 ||| qw: Version: 0.1-a-89-g26bdef1
     0 | D:1      | 0 ||| qw: Game counter: 1586
     0 | D:1      | 0 ||| qw: Always use a shield: true
     0 | D:1      | 0 ||| qw: God list: Okawaru
     0 | D:1      | 0 ||| qw: Allow faded altars: false
     0 | D:1      | 0 ||| qw: Do Orc after D:15 true
     0 | D:1      | 0 ||| qw: Do second Lair branch before Depths: true
     0 | D:1      | 0 ||| qw: Lair rune preference: random
     0 | D:1      | 0 ||| qw: Plans: Normal
     0 | D:1      | 0 ||| PLANNING D:1-11
   141 | D:1      | 141 ||| Stepping ~*~*~tactically~*~*~ (hiding).
   322 | D:1      | 322 ||| Stepping ~*~*~tactically~*~*~ (hiding).
   324 | D:1      | 324 ||| Stepping ~*~*~tactically~*~*~ (hiding).
   335 | D:1      | HP: 1/12 [frozen (3)]
   336 | D:1      | Reached skill level 3 in Axes
   336 | D:1      | Reached XP level 2. HP: 2/17 MP: 6/6
   384 | D:1      | 384 ||| Stepping ~*~*~tactically~*~*~ (stealth).
   385 | D:1      | 385 ||| Stepping ~*~*~tactically~*~*~ (stealth).
   386 | D:1      | 386 ||| Stepping ~*~*~tactically~*~*~ (stealth).
   683 | D:1      | 683 ||| Stepping ~*~*~tactically~*~*~ (stealth).
   861 | D:1      | 861 ||| Stepping ~*~*~tactically~*~*~ (stealth).
  1057 | D:1      | Reached XP level 3. HP: 21/21 MP: 7/7
  1110 | D:1      | 1110 ||| READING 2 scrolls labelled ODWUDW EWNOVY.
  1111 | D:1      | 1111 ||| READING 2 scrolls labelled NIDORUXZ UQOISY.
  1112 | D:1      | 1112 ||| READING 3 scrolls labelled FUYHIU XUQALUU.
  1113 | D:1      | 1113 ||| READING scroll labelled YLLUON XOPSAV.
  1114 | D:1      | 1114 ||| READING 2 scrolls of identify.
  1114 | D:1      | 1114 ||| IDENTIFYING viscous golden potion
  1115 | D:1      | 1115 ||| DROPPING scroll of magic mapping.
  1116 | D:1      | 1116 ||| DROPPING scroll of blinking.
  1117 | D:1      | 1117 ||| DROPPING potion of brilliance.
  1118 | D:1      | 1118 ||| DROPPING scroll of fear.
  1253 | D:2      | 1253 ||| FLEEEEING.
  1254 | D:2      | 1254 ||| FLEEEEING.
  1255 | D:2      | 1255 ||| STAIRDANCE
  1402 | D:2      | Reached skill level 4 in Axes
  1522 | D:2      | 1522 ||| Stepping ~*~*~tactically~*~*~ (hiding).
  1625 | D:2      | 1625 ||| Stepping ~*~*~tactically~*~*~ (hiding).
  1762 | D:2      | Identified the +4 quarterstaff "X" {vamp, *Noise rElec
                  | Str+3 Dex+3}
  1819 | D:2      | HP: 4/21 [adder (3)]
  2125 | D:2      | Reached XP level 4. HP: 26/26 MP: 8/8
  2285 | D:2      | Found a faded altar of an unknown god.
  2462 | D:2      | 2462 ||| Stepping ~*~*~tactically~*~*~ (hiding).
  2463 | D:2      | 2463 ||| Stepping ~*~*~tactically~*~*~ (hiding).
  2470 | D:2      | HP: 5/26 [gnoll/+0 whip (4)]
  2474 | D:2      | Slain by a gnoll

Levels and vault maps discovered:
D:1:      minmay_arrival_radiant_lines, layout_rooms,
          chequers_serial_rivers_micro_c
D:2:      layout_basic, hellmonk_ecumenical_altar_lost_god, hex_intersection

Skill      XL: |  1  2  3 |
---------------+----------+-----
Axes           | 3 4 |  4.9
Fighting       | |  2.0
Throwing       | |  1.0
Armour         | |  1.1
Dodging        | |  2.1
Spellcasting   | |  2.0
Translocations | |  2.4

Action                   |  1- 3 |  4- 6 || total
-------------------------+-------+-------++-------
Melee: Hand axe          |   101 |    18 ||   119
       Kick              |    24 |     6 ||    30
       Peck              |    12 |     4 ||    16
Throw: Boomerang         |     7 |       ||     7
  Use: Scroll            |     5 |       ||     5
Armor: Leather armour    |    38 |       ||    38
Dodge: Dodged            |    47 |     6 ||    53

Table legend:
 A = Non-vault XP
 B = Vault XP
 C = Vault XP percentage of total XP
 D = Non-vault monster count
 E = Vault monster count
 F = Vault count percentage of total count
                 A         B        C        D         E       F
            +---------+---------+-------+---------+---------+-------
      Total |     105 |       0 |   0.0 |      42 |       0 |   0.0
            +---------+---------+-------+---------+---------+-------
        D:1 |      36 |       0 |   0.0 |      20 |       0 |   0.0
        D:2 |      69 |       0 |   0.0 |      22 |       0 |   0.0
            +---------+---------+-------+---------+---------+-------
